Panthers vs Bruins
Created - April 16, 2025 at 21:41
Goals
|
| Panthers |
0 |
4 |
1 |
1 |
6 |
| Bruins |
1 |
0 |
4 |
0 |
5 |
|
Shots
|
| Panthers |
5 |
13 |
12 |
1 |
31 |
| Bruins |
16 |
4 |
19 |
0 |
39 |
|
1st period
1. Bruins , Jonathan Toews 20 (David Backes 23) at 5:58
Penalties :
Miro Aaltonen (Flo) for Tripping (Minor) at 14:23, Gabriel Landeskog (Bos) for High sticking (Minor) at 17:35
2nd period
2. Panthers , Matt Duchene 27 (Drake Batherson 25) at 0:47 (PP)
3. Panthers , Danny DeKeiser 3 (Nick Schmaltz 14, Derick Brassard 18) at 3:39 (PP)
4. Panthers , Jordan Szwarz 9 (Nikolay Goldobin 7, Matt Duchene 46) at 6:29
5. Panthers , Nick Schmaltz 11 (Rasmus Ristolainen 62, Aaron Ekblad 23) at 18:33 (PP)
Penalties :
David Backes (Bos) for Interference (Minor) at 0:45, Casey Cizikas (Bos) for Hooking (Minor) at 2:53, Rasmus Ristolainen (Flo) for Holding (Minor) at 4:03, Torey Krug (Bos) for Interference (Minor) at 9:34, Torey Krug (Bos) for Roughing (Minor) at 13:57, Matt Duchene (Flo) for Hooking (Minor) at 14:22, Brett Pesce (Bos) for Interference (Minor) at 17:55, Zack Kassian (Bos) for Cross-checking (Minor) at 19:45
3rd period
6. Panthers , Alex Galchenyuk 33 (Matt Duchene 47, Drake Batherson 26) at 9:59 (PP)
7. Bruins , Zack Kassian 27 (Jonathan Toews 42) at 10:25 (PP)
8. Bruins , John Quenneville 5 (Zemgus Girgensons 9, Andreas Athanasiou 9) at 11:20
9. Bruins , Zack Kassian 28 (Gabriel Landeskog 35, Jonathan Toews 43) at 14:20 (PP)
10. Bruins , Gabriel Landeskog 36 (Jonathan Toews 44, Zack Kassian 48) at 19:48
Penalties :
Andreas Athanasiou (Bos) for High sticking (Minor) at 2:28, Alexander Wennberg (Bos) for Hooking (Minor) at 6:12, Casey Cizikas (Bos) for Tripping (Minor) at 9:43, Matt Duchene (Flo) for Tripping (Minor) at 10:23, Dominik Kahun (Flo) for Roughing (Minor) at 14:06
Overtime #1
11. Panthers , Aleksander Barkov 18 (Drake Batherson 27) at 4:19
Penalties :
No Penalty
Goalie Stats
Ville Husso (Flo), 34 saves from 39 shots - (0.872), W, 21-22-3, 64:19 minutes
Kevin Poulin (Bos), 25 saves from 31 shots - (0.806), OTL, 29-24-11, 63:16 minutes
Players Stats for Panthers
Player Name G A P +/- PIM S H SB GA TA FO MP PP MP PK MP
------------------------------------------------------------------------------------
Aaron Ekblad 0 1 1 0 0 3 2 3 2 0 0/0 30:33 7:48 2:09
Aleksander Barkov 1 0 1 1 0 5 1 0 0 3 5/9 16:06 0:13 2:16
Alex Galchenyuk 1 0 1 0 0 5 1 0 0 0 1/3 22:46 6:30 1:05
Chris Bourque 0 0 0 0 0 0 2 1 0 0 0/0 8:20 0:13 0:00
Danny DeKeiser 1 0 1 -1 0 1 2 0 0 1 0/0 23:12 4:14 2:30
Derick Brassard 0 1 1 -2 0 0 2 1 0 0 0/0 15:49 5:19 0:00
Dmitrij Jaskin 0 0 0 0 0 0 0 1 0 0 0/0 7:44 0:13 0:00
Dominik Kahun 0 0 0 0 2 0 1 0 0 1 1/2 8:38 0:00 0:59
Drake Batherson 0 3 3 0 0 3 1 1 0 0 4/6 21:58 6:30 0:00
Griffin Reinhart 0 0 0 0 0 1 0 0 0 2 0/0 12:55 4:14 0:00
Jordan Szwarz 1 0 1 0 0 3 3 0 1 0 1/2 12:56 0:00 0:59
Matt Duchene 1 2 3 0 4 3 0 1 2 0 14/28 20:57 6:29 0:21
Miro Aaltonen 0 0 0 -1 2 0 0 0 1 0 1/6 16:22 5:19 1:03
Nick Schmaltz 1 1 2 -2 0 4 2 0 0 0 0/0 19:27 5:19 2:35
Niklas Hansson 0 0 0 -2 0 0 0 0 0 1 0/0 17:52 0:00 2:30
Nikolay Goldobin 0 1 1 0 0 1 1 2 0 0 0/0 11:13 0:00 0:00
Radim Simek 0 0 0 0 0 0 0 0 0 0 0/0 10:33 0:00 1:44
Rasmus Ristolainen 0 1 1 0 2 2 2 5 0 1 0/0 29:18 7:48 0:25
Players Stats for Bruins
Player Name G A P +/- PIM S H SB GA TA FO MP PP MP PK MP
------------------------------------------------------------------------------------
Adam Pelech 0 0 0 1 0 4 0 0 1 0 0/0 12:04 0:06 0:12
Alexander Wennberg 0 0 0 0 2 2 2 0 0 0 10/15 18:14 2:04 1:30
Andreas Athanasiou 0 1 1 1 2 1 0 0 0 0 1/2 9:54 0:08 2:11
Brett Pesce 0 0 0 1 2 1 0 0 0 2 0/0 11:40 0:00 0:44
Casey Cizikas 0 0 0 -1 4 5 0 1 0 0 1/3 11:12 0:08 0:18
David Backes 0 1 1 1 2 1 1 0 0 0 0/0 12:39 2:04 0:00
Eric Wellwood 0 0 0 -1 0 2 1 0 2 0 0/0 12:35 0:00 1:41
Gabriel Landeskog 1 1 2 0 2 4 2 0 1 1 8/17 24:57 2:35 6:11
Jason Demers 0 0 0 1 0 2 3 2 0 1 0/0 29:30 2:17 7:38
John Quenneville 1 0 1 1 0 2 1 0 0 0 2/5 6:59 0:00 0:00
Jonathan Toews 1 3 4 2 0 3 1 0 0 0 7/14 17:39 2:21 3:05
Josh Manson 0 0 0 0 0 0 0 1 0 0 0/0 21:27 2:22 4:24
Kole Lind 0 0 0 -1 0 1 2 0 0 0 0/0 10:44 0:00 0:00
Madison Bowey 0 0 0 0 0 5 1 1 0 0 0/0 29:26 2:17 7:38
Torey Krug 0 0 0 0 4 0 1 1 1 0 0/0 20:25 2:22 3:28
Wojtek Wolski 0 0 0 1 0 0 4 1 2 0 0/0 17:56 2:04 3:16
Zack Kassian 2 1 3 0 2 5 1 1 1 2 0/0 24:51 2:27 5:52
Zemgus Girgensons 0 1 1 1 0 1 0 1 1 0 0/0 6:59 0:00 0:00
3 Stars
1 - Jonathan Toews (Bos)
2 - Zack Kassian (Bos)
3 - Drake Batherson (Flo)
Power Play
Panthers - 4 on 10 Attempt(s) - 40.00%
Bruins - 2 on 5 Attempt(s) - 40.00%
Penalty Kill
Panthers - 3 on 5 Attempt(s) - 60.00%
- Score 0 goal in Penalty Kill
Bruins - 6 on 10 Attempt(s) - 60.00%
- Score 0 goal in Penalty Kill
Team Stat
Panthers - Hits : 20 - Faceoff Wins : 27 - Blocked Shots : 15 - Penalty Minutes : 10
Bruins - Hits : 20 - Faceoff Wins : 29 - Blocked Shots : 9 - Penalty Minutes : 20
Official
Referees : Ian Walsh and Chris Schlenker
Linesman : Brad Kovachik and Devin Berg
Game Notes
No Game Note
Finance
Level 1 -- Attendance: 5655 (94.25%) -- Ticket Income $565,500
Level 2 -- Attendance: 4834 (96.68%) -- Ticket Income $338,380
Level 3 -- Attendance: 1890 (94.50%) -- Ticket Income $75,600
Level 4 -- Attendance: 3576 (89.40%) -- Ticket Income $107,280
Luxury Box -- Attendance: 903 (90.30%) -- Ticket Income $180,600
Game was played at the TD Garden.
Total Attendance: 16858 (93.66%)
Total Ticket Income: $1,267,360
Other Income: $190,104
Total Income: $1,457,464
Panthers
5 vs 5 Forward
Center Left Wing Right Wing Time % Phy DF OF
1 Matt Duchene Alex Galchenyuk Drake Batherson 40 0 2 3
2 Miro Aaltonen Derick Brassard Nick Schmaltz 30 0 2 3
3 Aleksander Barkov Nikolay Goldobin Jordan Szwarz 20 1 2 2
4 Dominik Kahun Chris Bourque Dmitrij Jaskin 10 1 2 2
5 vs 5 Defense
Defense Defense Time % Phy DF OF
1 Rasmus Ristolainen Aaron Ekblad 40 1 2 2
2 Danny DeKeiser Niklas Hansson 30 2 2 1
3 Griffin Reinhart Radim Simek 20 1 2 2
4 Rasmus Ristolainen Aaron Ekblad 10 1 2 2
PowerPlay Forward
Center Left Wing Right Wing Time % Phy DF OF
1 Matt Duchene Alex Galchenyuk Drake Batherson 60 0 1 4
2 Miro Aaltonen Derick Brassard Nick Schmaltz 40 0 1 4
PowerPlay Defense
Defense Defense Time % Phy DF OF
1 Rasmus Ristolainen Aaron Ekblad 60 0 2 3
2 Danny DeKeiser Griffin Reinhart 40 0 2 3
Penalty Kill 4 Players Forward
Center Wing Time % Phy DF OF
1 Aleksander Barkov Nick Schmaltz 60 1 3 1
2 Miro Aaltonen Jordan Szwarz 40 1 3 1
Penalty Kill 4 Players Defense
Defense Defense Time % Phy DF OF
1 Danny DeKeiser Niklas Hansson 60 1 4 0
2 Aaron Ekblad Radim Simek 40 1 4 0
Penalty Kill - 3 Players Forward
Forward Time % Phy DF OF
1 Nick Schmaltz 60 1 3 1
2 Aleksander Barkov 40 1 3 1
Penalty Kill - 3 Players Defense
Defense Defense Time % Phy DF OF
1 Danny DeKeiser Niklas Hansson 60 1 4 0
2 Aaron Ekblad Radim Simek 40 1 4 0
4 vs 4 Forward
Center Wing Time % Phy DF OF
1 Matt Duchene Alex Galchenyuk 60 0 2 3
2 Miro Aaltonen Drake Batherson 40 0 2 3
4 vs 4 Defense
Defense Defense Time % Phy DF OF
1 Rasmus Ristolainen Aaron Ekblad 60 1 2 2
2 Danny DeKeiser Niklas Hansson 40 1 2 2
Last Minutes Offensive
Center Left Wing Right Wing Defense Defense
Matt Duchene Alex Galchenyuk Drake Batherson Rasmus Ristolainen Aaron Ekblad
Last Minutes Defensive
Center Left Wing Right Wing Defense Defense
Aleksander Barkov Derick Brassard Nick Schmaltz Aaron Ekblad Niklas Hansson
Goaltenders
Starting : Ville Husso
Backup : Jonathan Bernier
Extra Forwards
Normal : Drake Batherson, Aleksander Barkov, Matt Duchene - PP : Nick Schmaltz, Matt Duchene - PK : Miro Aaltonen
Extra Defensemen
Normal : Niklas Hansson, Rasmus Ristolainen, Aaron Ekblad - PP : Radim Simek - PK : Radim Simek, Niklas Hansson
Penalty Shots
Drake Batherson, Miro Aaltonen, Alex Galchenyuk, Matt Duchene, Aleksander Barkov
Custom OT Lines Forwards
Matt Duchene, Alex Galchenyuk, Aleksander Barkov, Drake Batherson, Nick Schmaltz, Jordan Szwarz, Miro Aaltonen, Derick Brassard, Nikolay Goldobin, Chris Bourque
Custom OT Lines Defensemen
Rasmus Ristolainen, Aaron Ekblad, Danny DeKeiser, Niklas Hansson, Radim Simek
Scratches
Zac Rinaldo (Healthy)
Bruins
5 vs 5 Forward
Center Left Wing Right Wing Time % Phy DF OF
1 Alexander Wennberg Gabriel Landeskog Zack Kassian 40 1 2 2
2 Jonathan Toews Wojtek Wolski David Backes 30 1 2 2
3 Casey Cizikas Eric Wellwood Kole Lind 20 1 2 2
4 John Quenneville Zemgus Girgensons Andreas Athanasiou 10 1 2 2
5 vs 5 Defense
Defense Defense Time % Phy DF OF
1 Jason Demers Madison Bowey 40 1 2 2
2 Torey Krug Josh Manson 30 1 2 2
3 Adam Pelech Brett Pesce 20 1 2 2
4 Madison Bowey Jason Demers 10 1 2 2
PowerPlay Forward
Center Left Wing Right Wing Time % Phy DF OF
1 Jonathan Toews Gabriel Landeskog Zack Kassian 60 0 2 3
2 Alexander Wennberg Wojtek Wolski David Backes 40 0 2 3
PowerPlay Defense
Defense Defense Time % Phy DF OF
1 Jason Demers Madison Bowey 60 0 2 3
2 Torey Krug Josh Manson 40 1 2 2
Penalty Kill 4 Players Forward
Center Wing Time % Phy DF OF
1 Gabriel Landeskog Zack Kassian 60 0 3 2
2 Jonathan Toews Wojtek Wolski 40 0 3 2
Penalty Kill 4 Players Defense
Defense Defense Time % Phy DF OF
1 Jason Demers Madison Bowey 60 1 2 2
2 Torey Krug Josh Manson 40 1 2 2
Penalty Kill - 3 Players Forward
Forward Time % Phy DF OF
1 Gabriel Landeskog 60 0 3 2
2 Zack Kassian 40 0 3 2
Penalty Kill - 3 Players Defense
Defense Defense Time % Phy DF OF
1 Jason Demers Madison Bowey 60 0 4 1
2 Torey Krug Josh Manson 40 0 4 1
4 vs 4 Forward
Center Wing Time % Phy DF OF
1 Gabriel Landeskog Zack Kassian 60 1 2 2
2 Jonathan Toews Wojtek Wolski 40 1 2 2
4 vs 4 Defense
Defense Defense Time % Phy DF OF
1 Jason Demers Madison Bowey 60 1 2 2
2 Torey Krug Josh Manson 40 1 2 2
Last Minutes Offensive
Center Left Wing Right Wing Defense Defense
Jonathan Toews Gabriel Landeskog Zack Kassian Jason Demers Madison Bowey
Last Minutes Defensive
Center Left Wing Right Wing Defense Defense
Jonathan Toews Gabriel Landeskog Zack Kassian Jason Demers Madison Bowey
Goaltenders
Starting : Kevin Poulin
Backup : Tuukka Rask
Extra Forwards
Normal : Wojtek Wolski, Gabriel Landeskog, Andreas Athanasiou - PP : Zack Kassian, Casey Cizikas - PK : Andreas Athanasiou
Extra Defensemen
Normal : Torey Krug, Madison Bowey, Jason Demers - PP : Adam Pelech - PK : Torey Krug, Brett Pesce
Penalty Shots
Gabriel Landeskog, Zack Kassian, Jonathan Toews, Wojtek Wolski, Alexander Wennberg
Custom OT Lines Forwards
Gabriel Landeskog, Zack Kassian, Jonathan Toews, Wojtek Wolski, Alexander Wennberg, David Backes, Eric Wellwood, Casey Cizikas, Andreas Athanasiou, Zemgus Girgensons
Custom OT Lines Defensemen
Jason Demers, Madison Bowey, Torey Krug, Josh Manson, Adam Pelech
Scratches
Beau Bennett (Back Surgery Injury), Mattias Ekholm (Healthy)
% Time on Ice - Panthers
Lines # - Real PCT - Wanted PCT - Time Play
Normal Forward
1 - 30% - 40% - 12:31
2 - 24% - 30% - 9:53
3 - 27% - 20% - 11:13
4 - 18% - 10% - 7:31
Normal Defense
1 - 41% - 40% - 16:54
2 - 35% - 30% - 14:25
3 - 21% - 20% - 8:29
4 - 3% - 10% - 1:20
PP Forward
1 - 56% - 60% - 6:43
2 - 44% - 40% - 5:19
PP Defense
1 - 65% - 60% - 7:48
2 - 35% - 40% - 4:14
PK Forward
1 - 79% - 60% - 3:40
2 - 21% - 40% - 0:59
PK Defense
1 - 63% - 60% - 2:55
2 - 37% - 40% - 1:44
PK3 Forward
1 - 0% - 60%
2 - 0% - 40%
PK3 Defense
1 - 0% - 60%
2 - 0% - 40%
44 Forward
1 - 100% - 60% - 1:34
2 - 0% - 40% - 0:00
44 Defense
1 - 49% - 60% - 0:46
2 - 51% - 40% - 0:48
Last Minute Offensive - 0:00
Last Minute Defensive - 0:37
Total
Forward - 60:00
Defense - 60:00
|
% Time on Ice - Bruins
Lines # - Real PCT - Wanted PCT - Time Play
Normal Forward
1 - 32% - 40% - 13:15
2 - 25% - 30% - 10:10
3 - 26% - 20% - 10:44
4 - 17% - 10% - 6:59
Normal Defense
1 - 38% - 40% - 15:26
2 - 34% - 30% - 14:02
3 - 27% - 20% - 10:57
4 - 2% - 10% - 0:43
PP Forward
1 - 56% - 60% - 2:35
2 - 44% - 40% - 2:04
PP Defense
1 - 49% - 60% - 2:17
2 - 51% - 40% - 2:22
PK Forward
1 - 74% - 60% - 8:57
2 - 26% - 40% - 3:05
PK Defense
1 - 63% - 60% - 7:38
2 - 37% - 40% - 4:24
PK3 Forward
1 - 0% - 60%
2 - 0% - 40%
PK3 Defense
1 - 0% - 60%
2 - 0% - 40%
44 Forward
1 - 84% - 60% - 1:19
2 - 16% - 40% - 0:15
44 Defense
1 - 59% - 60% - 0:55
2 - 41% - 40% - 0:39
Last Minute Offensive - 0:37
Last Minute Defensive - 0:00
Total
Forward - 60:00
Defense - 60:00
|
Play-by-Play
1st period
0:01 of 1st period - Alexander Wennberg wins face-off versus Matt Duchene in neutral zone.
0:04 of 1st period - Matt Duchene is hit by Alexander Wennberg and loses puck.
2:01 of 1st period - Snap shot by Aleksander Barkov.
2:01 of 1st period - Stopped by Kevin Poulin with a rebound.
2:22 of 1st period - Wrist shot by Nick Schmaltz.
2:22 of 1st period - Shot Hit the Post.
2:36 of 1st period - Wrist shot by Zack Kassian.
2:36 of 1st period - Shot Blocked by Matt Duchene.
2:38 of 1st period - Wrist shot by Gabriel Landeskog.
2:38 of 1st period - Shot Misses the Net.
3:03 of 1st period - Madison Bowey is hit by Danny DeKeiser and loses puck.
3:28 of 1st period - Nikolay Goldobin is hit by Wojtek Wolski and loses puck.
3:44 of 1st period - Alex Galchenyuk is hit by Zack Kassian and loses puck.
3:51 of 1st period - Josh Manson is hit by Aaron Ekblad and loses puck.
5:44 of 1st period - Snap shot by Nick Schmaltz.
5:44 of 1st period - Stopped by Kevin Poulin without a rebound.
5:45 of 1st period - Jonathan Toews wins face-off versus Miro Aaltonen in Bruins zone.
5:56 of 1st period - Snap shot by Jonathan Toews.
5:56 of 1st period - Shot Misses the Net.
5:58 of 1st period - Snap shot by Jonathan Toews.
5:58 of 1st period - Goal by Jonathan Toews - Panthers : 0 - Bruins : 1.
5:59 of 1st period - Alexander Wennberg wins face-off versus Matt Duchene in neutral zone.
6:13 of 1st period - Wrist shot by Alexander Wennberg.
6:13 of 1st period - Deflect By Zack Kassian.
6:13 of 1st period - Stopped by Ville Husso with a rebound.
6:15 of 1st period - Snap shot by Zack Kassian.
6:15 of 1st period - Stopped by Ville Husso with a rebound.
6:25 of 1st period - Madison Bowey is hit by Aaron Ekblad and loses puck.
6:30 of 1st period - Slapshot by Miro Aaltonen.
6:30 of 1st period - Shot Misses the Net.
6:32 of 1st period - Snap shot by Derick Brassard.
6:32 of 1st period - Deflect By Nick Schmaltz.
6:32 of 1st period - Shot Misses the Net.
6:32 of 1st period - Puck is out of play.
6:33 of 1st period - Alexander Wennberg wins face-off versus Aleksander Barkov in Bruins zone.
7:24 of 1st period - Wrist shot by Eric Wellwood.
7:24 of 1st period - Stopped by Ville Husso with a rebound.
7:43 of 1st period - Slapshot by Madison Bowey.
7:43 of 1st period - Stopped by Ville Husso without a rebound.
7:44 of 1st period - Dominik Kahun wins face-off versus John Quenneville in Panthers zone.
8:20 of 1st period - Snap shot by Alexander Wennberg.
8:20 of 1st period - Stopped by Ville Husso with a rebound.
8:42 of 1st period - Snap shot by Jordan Szwarz.
8:42 of 1st period - Stopped by Kevin Poulin with a rebound.
8:44 of 1st period - Slapshot by Radim Simek.
8:44 of 1st period - Shot Blocked by Josh Manson.
8:46 of 1st period - Snap shot by Aleksander Barkov.
8:46 of 1st period - Stopped by Kevin Poulin without a rebound.
8:47 of 1st period - Jonathan Toews wins face-off versus Matt Duchene in Bruins zone.
8:53 of 1st period - Icing by Matt Duchene.
8:54 of 1st period - Matt Duchene wins face-off versus Jonathan Toews in Panthers zone.
9:25 of 1st period - Wrist shot by Wojtek Wolski.
9:25 of 1st period - Shot Misses the Net.
9:27 of 1st period - Slapshot by David Backes.
9:27 of 1st period - Stopped by Ville Husso with a rebound.
9:37 of 1st period - Snap shot by Jonathan Toews.
9:37 of 1st period - Shot Misses the Net.
9:39 of 1st period - Slapshot by Madison Bowey.
9:39 of 1st period - Stopped by Ville Husso with a rebound.
9:41 of 1st period - Wrist shot by Jonathan Toews.
9:41 of 1st period - Stopped by Ville Husso with a rebound.
9:43 of 1st period - Slapshot by Madison Bowey.
9:43 of 1st period - Stopped by Ville Husso without a rebound.
9:44 of 1st period - Alexander Wennberg wins face-off versus Miro Aaltonen in Panthers zone.
10:43 of 1st period - Slapshot by Rasmus Ristolainen.
10:43 of 1st period - Shot Misses the Net.
11:03 of 1st period - Wrist shot by Gabriel Landeskog.
11:03 of 1st period - Stopped by Ville Husso with a rebound.
12:48 of 1st period - Snap shot by Drake Batherson.
12:48 of 1st period - Shot Misses the Net.
13:00 of 1st period - Eric Wellwood is hit by Jordan Szwarz and loses puck.
13:23 of 1st period - Snap shot by Eric Wellwood.
13:23 of 1st period - Shot Blocked by Rasmus Ristolainen.
13:25 of 1st period - Backhand shot by Madison Bowey.
13:25 of 1st period - Shot Blocked by Aaron Ekblad.
13:27 of 1st period - Wrist shot by Alexander Wennberg.
13:27 of 1st period - Deflect By Gabriel Landeskog.
13:27 of 1st period - Stopped by Ville Husso with a rebound.
14:14 of 1st period - Slapshot by Zemgus Girgensons.
14:14 of 1st period - Stopped by Ville Husso without a rebound.
14:15 of 1st period - Alexander Wennberg wins face-off versus Miro Aaltonen in Panthers zone.
14:23 of 1st period - Minor Penalty to Miro Aaltonen for Tripping.
14:24 of 1st period - Aleksander Barkov wins face-off versus Jonathan Toews in Panthers zone.
15:03 of 1st period - Snap shot by Wojtek Wolski.
15:03 of 1st period - Shot Misses the Net.
15:05 of 1st period - Slapshot by Jason Demers.
15:05 of 1st period - Stopped by Ville Husso with a rebound.
15:07 of 1st period - Slapshot by Madison Bowey.
15:07 of 1st period - Deflect By Danny DeKeiser.
15:07 of 1st period - Stopped by Ville Husso with a rebound.
16:23 of 1st period - Penalty to Miro Aaltonen is over, Miro Aaltonen is back on ice.
16:32 of 1st period - Miro Aaltonen is hit by Jason Demers and loses puck.
16:43 of 1st period - Wrist shot by Casey Cizikas.
16:43 of 1st period - Stopped by Ville Husso without a rebound.
16:44 of 1st period - Matt Duchene wins face-off versus John Quenneville in Panthers zone.
16:44 of 1st period - Matt Duchene is hit by John Quenneville.
16:49 of 1st period - Icing by Matt Duchene.
16:50 of 1st period - Matt Duchene wins face-off versus John Quenneville in Panthers zone.
16:57 of 1st period - Snap shot by Matt Duchene.
16:57 of 1st period - Stopped by Kevin Poulin with a rebound.
17:17 of 1st period - Aaron Ekblad is hit by Alexander Wennberg and loses puck.
17:28 of 1st period - Torey Krug is hit by Jordan Szwarz and loses puck.
17:35 of 1st period - Minor Penalty to Gabriel Landeskog for High sticking.
17:36 of 1st period - Matt Duchene wins face-off versus Andreas Athanasiou in Bruins zone.
19:00 of 1st period - Griffin Reinhart is hit by Jason Demers and loses puck.
19:35 of 1st period - Penalty to Gabriel Landeskog is over, Gabriel Landeskog is back on ice.
19:52 of 1st period - Niklas Hansson is hit by Wojtek Wolski and loses puck.
19:59 of 1st period - Wojtek Wolski is hit by Jordan Szwarz and loses puck.
Goals for this period are 0 for Panthers vs 1 for Bruins.
Shots for this period are 5 for Panthers vs 16 for Bruins.
2nd period
0:01 of 2nd period - Alexander Wennberg wins face-off versus Matt Duchene in neutral zone.
0:37 of 2nd period - Snap shot by Nick Schmaltz.
0:37 of 2nd period - Shot Blocked by Madison Bowey.
0:45 of 2nd period - Minor Penalty to David Backes for Interference.
0:46 of 2nd period - Drake Batherson wins face-off versus Gabriel Landeskog in Bruins zone.
0:47 of 2nd period - Snap shot by Matt Duchene.
0:47 of 2nd period - Goal by Matt Duchene - Panthers : 1 - Bruins : 1.
0:48 of 2nd period - Alexander Wennberg wins face-off versus Matt Duchene in neutral zone.
0:51 of 2nd period - Aaron Ekblad is hit by Gabriel Landeskog.
0:59 of 2nd period - Snap shot by Gabriel Landeskog.
0:59 of 2nd period - Shot Blocked by Aaron Ekblad.
1:03 of 2nd period - Snap shot by Zack Kassian.
1:03 of 2nd period - Shot Misses the Net.
1:05 of 2nd period - Slapshot by Madison Bowey.
1:05 of 2nd period - Shot Misses the Net.
2:08 of 2nd period - Snap shot by Alexander Wennberg.
2:08 of 2nd period - Shot Misses the Net.
2:53 of 2nd period - Minor Penalty to Casey Cizikas for Hooking.
2:54 of 2nd period - Gabriel Landeskog wins face-off versus Matt Duchene in Bruins zone.
3:29 of 2nd period - Snap shot by Derick Brassard.
3:29 of 2nd period - Shot Blocked by Wojtek Wolski.
3:31 of 2nd period - Wrist shot by Derick Brassard.
3:31 of 2nd period - Shot Blocked by Jason Demers.
3:33 of 2nd period - Wrist shot by Nick Schmaltz.
3:33 of 2nd period - Shot Misses the Net.
3:35 of 2nd period - Snap shot by Danny DeKeiser.
3:35 of 2nd period - Shot Blocked by Jason Demers.
3:37 of 2nd period - Wrist shot by Nick Schmaltz.
3:37 of 2nd period - Shot Misses the Net.
3:39 of 2nd period - Slapshot by Danny DeKeiser.
3:39 of 2nd period - Goal by Danny DeKeiser - Panthers : 2 - Bruins : 1.
3:40 of 2nd period - Alexander Wennberg wins face-off versus Matt Duchene in neutral zone.
4:03 of 2nd period - Minor Penalty to Rasmus Ristolainen for Holding.
4:04 of 2nd period - Aleksander Barkov wins face-off versus Jonathan Toews in Panthers zone.
6:03 of 2nd period - Penalty to Rasmus Ristolainen is over, Rasmus Ristolainen is back on ice.
6:29 of 2nd period - Slapshot by Nikolay Goldobin.
6:29 of 2nd period - Deflect By Jordan Szwarz.
6:29 of 2nd period - Goal by Jordan Szwarz - Panthers : 3 - Bruins : 1.
6:30 of 2nd period - Drake Batherson wins face-off versus Jonathan Toews in neutral zone.
6:55 of 2nd period - Gabriel Landeskog is hit by Rasmus Ristolainen and loses puck.
7:38 of 2nd period - Dominik Kahun is hit by Torey Krug and loses puck.
8:47 of 2nd period - Snap shot by Nikolay Goldobin.
8:47 of 2nd period - Deflect By Aleksander Barkov.
8:47 of 2nd period - Stopped by Kevin Poulin without a rebound.
8:48 of 2nd period - Jonathan Toews wins face-off versus Aleksander Barkov in Bruins zone.
8:57 of 2nd period - Slapshot by Wojtek Wolski.
8:57 of 2nd period - Shot Misses the Net.
8:59 of 2nd period - Slapshot by Wojtek Wolski.
8:59 of 2nd period - Shot Misses the Net.
9:16 of 2nd period - Wrist shot by Nikolay Goldobin.
9:16 of 2nd period - Stopped by Kevin Poulin with a rebound.
9:18 of 2nd period - Slapshot by Danny DeKeiser.
9:18 of 2nd period - Shot Misses the Net.
9:28 of 2nd period - Gabriel Landeskog is hit by Aleksander Barkov and loses puck.
9:34 of 2nd period - Minor Penalty to Torey Krug for Interference.
9:35 of 2nd period - Matt Duchene wins face-off versus Gabriel Landeskog in Bruins zone.
9:41 of 2nd period - Slapshot by Drake Batherson.
9:41 of 2nd period - Stopped by Kevin Poulin with a rebound.
9:43 of 2nd period - Wrist shot by Alex Galchenyuk.
9:43 of 2nd period - Deflect By Matt Duchene.
9:43 of 2nd period - Shot Misses the Net.
9:43 of 2nd period - Puck is out of play.
9:44 of 2nd period - Gabriel Landeskog wins face-off versus Matt Duchene in Bruins zone.
9:56 of 2nd period - Snap shot by Madison Bowey.
9:56 of 2nd period - Shot Misses the Net.
10:53 of 2nd period - Jonathan Toews is hit by Danny DeKeiser and loses puck.
11:20 of 2nd period - Miro Aaltonen is hit by Jonathan Toews and loses puck.
11:34 of 2nd period - Penalty to Torey Krug is over, Torey Krug is back on ice.
12:31 of 2nd period - David Backes is hit by Nikolay Goldobin and loses puck.
12:42 of 2nd period - Jonathan Toews is hit by Dominik Kahun and loses puck.
12:53 of 2nd period - Snap shot by Casey Cizikas.
12:53 of 2nd period - Deflect By Kole Lind.
12:53 of 2nd period - Stopped by Ville Husso with a rebound.
12:55 of 2nd period - Slapshot by Eric Wellwood.
12:55 of 2nd period - Shot Misses the Net.
13:17 of 2nd period - Snap shot by Andreas Athanasiou.
13:17 of 2nd period - Stopped by Ville Husso without a rebound.
13:18 of 2nd period - John Quenneville wins face-off versus Dominik Kahun in Panthers zone.
13:21 of 2nd period - Snap shot by Andreas Athanasiou.
13:21 of 2nd period - Shot Blocked by Dmitrij Jaskin.
13:35 of 2nd period - Wrist shot by John Quenneville.
13:35 of 2nd period - Stopped by Ville Husso with a rebound.
13:50 of 2nd period - Torey Krug is hit by Drake Batherson and loses puck.
13:55 of 2nd period - Snap shot by Drake Batherson.
13:55 of 2nd period - Stopped by Kevin Poulin with a rebound.
13:57 of 2nd period - Minor Penalty to Torey Krug for Roughing.
13:58 of 2nd period - Matt Duchene wins face-off versus Gabriel Landeskog in Bruins zone.
13:59 of 2nd period - Snap shot by Alex Galchenyuk.
13:59 of 2nd period - Shot Misses the Net.
14:13 of 2nd period - Wrist shot by Zack Kassian.
14:13 of 2nd period - Stopped by Ville Husso without a rebound.
14:14 of 2nd period - Gabriel Landeskog wins face-off versus Matt Duchene in Panthers zone.
14:22 of 2nd period - Minor Penalty to Matt Duchene for Hooking.
14:23 of 2nd period - Drake Batherson wins face-off versus Gabriel Landeskog in Panthers zone.
15:24 of 2nd period - Josh Manson is hit by Chris Bourque and loses puck.
15:57 of 2nd period - Penalty to Torey Krug is over, Torey Krug is back on ice.
16:06 of 2nd period - Rasmus Ristolainen is hit by Wojtek Wolski and loses puck.
16:22 of 2nd period - Penalty to Matt Duchene is over, Matt Duchene is back on ice.
16:29 of 2nd period - Slapshot by Aaron Ekblad.
16:29 of 2nd period - Stopped by Kevin Poulin with a rebound.
16:39 of 2nd period - Radim Simek is hit by Jason Demers and loses puck.
17:01 of 2nd period - Nikolay Goldobin is hit by David Backes.
17:05 of 2nd period - Wrist shot by David Backes.
17:05 of 2nd period - Shot Blocked by Nikolay Goldobin.
17:42 of 2nd period - Dmitrij Jaskin is hit by Gabriel Landeskog.
17:55 of 2nd period - Minor Penalty to Brett Pesce for Interference.
17:56 of 2nd period - Matt Duchene wins face-off versus Gabriel Landeskog in Bruins zone.
17:57 of 2nd period - Snap shot by Drake Batherson.
17:57 of 2nd period - Shot Blocked by Zack Kassian.
17:59 of 2nd period - Snap shot by Alex Galchenyuk.
17:59 of 2nd period - Stopped by Kevin Poulin with a rebound.
18:01 of 2nd period - Backhand shot by Aaron Ekblad.
18:01 of 2nd period - Stopped by Kevin Poulin with a rebound.
18:31 of 2nd period - Slapshot by Rasmus Ristolainen.
18:31 of 2nd period - Stopped by Kevin Poulin with a rebound.
18:33 of 2nd period - Wrist shot by Nick Schmaltz.
18:33 of 2nd period - Goal by Nick Schmaltz - Panthers : 4 - Bruins : 1.
18:34 of 2nd period - Alex Galchenyuk wins face-off versus Alexander Wennberg in neutral zone.
19:09 of 2nd period - Icing by Rasmus Ristolainen.
19:10 of 2nd period - Jonathan Toews wins face-off versus Miro Aaltonen in Panthers zone.
19:11 of 2nd period - Wrist shot by Wojtek Wolski.
19:11 of 2nd period - Shot Blocked by Rasmus Ristolainen.
19:25 of 2nd period - Snap shot by Nick Schmaltz.
19:25 of 2nd period - Stopped by Kevin Poulin with a rebound.
19:34 of 2nd period - Icing by Derick Brassard.
19:35 of 2nd period - Alexander Wennberg wins face-off versus Matt Duchene in Panthers zone.
19:38 of 2nd period - Snap shot by Alexander Wennberg.
19:38 of 2nd period - Shot Misses the Net.
19:45 of 2nd period - Minor Penalty to Zack Kassian for Cross-checking.
19:46 of 2nd period - Andreas Athanasiou wins face-off versus Matt Duchene in Bruins zone.
Goals for this period are 4 for Panthers vs 0 for Bruins.
Shots for this period are 13 for Panthers vs 4 for Bruins.
3rd period
0:01 of 3rd period - Matt Duchene wins face-off versus Gabriel Landeskog in neutral zone.
0:49 of 3rd period - Snap shot by Miro Aaltonen.
0:49 of 3rd period - Shot Blocked by Torey Krug.
1:17 of 3rd period - Jason Demers is hit by Derick Brassard and loses puck.
1:45 of 3rd period - Penalty to Zack Kassian is over, Zack Kassian is back on ice.
2:02 of 3rd period - Slapshot by Rasmus Ristolainen.
2:02 of 3rd period - Stopped by Kevin Poulin with a rebound.
2:04 of 3rd period - Snap shot by Nick Schmaltz.
2:04 of 3rd period - Stopped by Kevin Poulin without a rebound.
2:05 of 3rd period - John Quenneville wins face-off versus Alex Galchenyuk in Bruins zone.
2:10 of 3rd period - Wrist shot by Matt Duchene.
2:10 of 3rd period - Stopped by Kevin Poulin with a rebound.
2:14 of 3rd period - Wrist shot by Drake Batherson.
2:14 of 3rd period - Stopped by Kevin Poulin with a rebound.
2:16 of 3rd period - Snap shot by Alex Galchenyuk.
2:16 of 3rd period - Stopped by Kevin Poulin with a rebound.
2:18 of 3rd period - Snap shot by Alex Galchenyuk.
2:18 of 3rd period - Stopped by Kevin Poulin with a rebound.
2:28 of 3rd period - Minor Penalty to Andreas Athanasiou for High sticking.
2:29 of 3rd period - Gabriel Landeskog wins face-off versus Matt Duchene in Bruins zone.
3:18 of 3rd period - Wrist shot by Aleksander Barkov.
3:18 of 3rd period - Shot Misses the Net.
3:20 of 3rd period - Wrist shot by Dmitrij Jaskin.
3:20 of 3rd period - Shot Misses the Net.
3:22 of 3rd period - Snap shot by Dmitrij Jaskin.
3:22 of 3rd period - Deflect By Zack Kassian.
3:22 of 3rd period - Shot Misses the Net.
3:22 of 3rd period - Puck is out of play.
3:23 of 3rd period - Matt Duchene wins face-off versus Gabriel Landeskog in Bruins zone.
4:28 of 3rd period - Penalty to Andreas Athanasiou is over, Andreas Athanasiou is back on ice.
4:39 of 3rd period - Snap shot by Madison Bowey.
4:39 of 3rd period - Deflect By Nikolay Goldobin.
4:39 of 3rd period - Stopped by Ville Husso without a rebound.
4:40 of 3rd period - Aleksander Barkov wins face-off versus Casey Cizikas in Panthers zone.
4:40 of 3rd period - Aleksander Barkov is hit by Kole Lind.
5:07 of 3rd period - Josh Manson is hit by Chris Bourque and loses puck.
5:12 of 3rd period - Snap shot by Dominik Kahun.
5:12 of 3rd period - Shot Blocked by Zemgus Girgensons.
5:55 of 3rd period - Drake Batherson is hit by Madison Bowey and loses puck.
6:12 of 3rd period - Minor Penalty to Alexander Wennberg for Hooking.
6:13 of 3rd period - Gabriel Landeskog wins face-off versus Alex Galchenyuk in Bruins zone.
6:28 of 3rd period - Snap shot by Griffin Reinhart.
6:28 of 3rd period - Deflect By Gabriel Landeskog.
6:28 of 3rd period - Stopped by Kevin Poulin with a rebound.
6:30 of 3rd period - Snap shot by Alex Galchenyuk.
6:30 of 3rd period - Stopped by Kevin Poulin with a rebound.
6:40 of 3rd period - Wojtek Wolski is hit by Derick Brassard and loses puck.
7:16 of 3rd period - Off-side.
7:17 of 3rd period - Miro Aaltonen wins face-off versus Jonathan Toews in neutral zone.
7:44 of 3rd period - Snap shot by Matt Duchene.
7:44 of 3rd period - Shot Hit the Post.
8:12 of 3rd period - Penalty to Alexander Wennberg is over, Alexander Wennberg is back on ice.
9:43 of 3rd period - Minor Penalty to Casey Cizikas for Tripping.
9:44 of 3rd period - Gabriel Landeskog wins face-off versus Matt Duchene in Bruins zone.
9:59 of 3rd period - Snap shot by Alex Galchenyuk.
9:59 of 3rd period - Goal by Alex Galchenyuk - Panthers : 5 - Bruins : 1.
10:00 of 3rd period - Matt Duchene wins face-off versus Alexander Wennberg in neutral zone.
10:23 of 3rd period - Minor Penalty to Matt Duchene for Tripping.
10:24 of 3rd period - Jonathan Toews wins face-off versus Aleksander Barkov in Panthers zone.
10:25 of 3rd period - Wrist shot by Zack Kassian.
10:25 of 3rd period - Goal by Zack Kassian - Panthers : 5 - Bruins : 2.
10:26 of 3rd period - Matt Duchene wins face-off versus Gabriel Landeskog in neutral zone.
10:35 of 3rd period - Slapshot by Jason Demers.
10:35 of 3rd period - Shot Misses the Net.
10:37 of 3rd period - Snap shot by Alexander Wennberg.
10:37 of 3rd period - Shot Misses the Net.
10:53 of 3rd period - David Backes is hit by Nick Schmaltz and loses puck.
11:02 of 3rd period - Slapshot by Jason Demers.
11:02 of 3rd period - Shot Misses the Net.
11:18 of 3rd period - Slapshot by Zemgus Girgensons.
11:18 of 3rd period - Shot Hit the Post.
11:20 of 3rd period - Slapshot by John Quenneville.
11:20 of 3rd period - Goal by John Quenneville - Panthers : 5 - Bruins : 3.
11:21 of 3rd period - Alexander Wennberg wins face-off versus Drake Batherson in neutral zone.
11:21 of 3rd period - Alexander Wennberg is hit by Rasmus Ristolainen.
11:27 of 3rd period - Snap shot by Alexander Wennberg.
11:27 of 3rd period - Stopped by Ville Husso with a rebound.
11:37 of 3rd period - Wrist shot by Alexander Wennberg.
11:37 of 3rd period - Shot Misses the Net.
11:58 of 3rd period - Slapshot by Aaron Ekblad.
11:58 of 3rd period - Stopped by Kevin Poulin with a rebound.
12:34 of 3rd period - Slapshot by Gabriel Landeskog.
12:34 of 3rd period - Stopped by Ville Husso with a rebound.
12:36 of 3rd period - Slapshot by Jason Demers.
12:36 of 3rd period - Deflect By Dmitrij Jaskin.
12:36 of 3rd period - Stopped by Ville Husso without a rebound.
12:37 of 3rd period - Matt Duchene wins face-off versus Alexander Wennberg in Panthers zone.
13:38 of 3rd period - Slapshot by Aaron Ekblad.
13:38 of 3rd period - Shot Blocked by Casey Cizikas.
13:50 of 3rd period - Snap shot by Zemgus Girgensons.
13:50 of 3rd period - Shot Misses the Net.
13:52 of 3rd period - Slapshot by Zemgus Girgensons.
13:52 of 3rd period - Shot Blocked by Chris Bourque.
14:06 of 3rd period - Minor Penalty to Dominik Kahun for Roughing.
14:07 of 3rd period - Aleksander Barkov wins face-off versus Jonathan Toews in Panthers zone.
14:20 of 3rd period - Snap shot by Zack Kassian.
14:20 of 3rd period - Goal by Zack Kassian - Panthers : 5 - Bruins : 4.
14:21 of 3rd period - Matt Duchene wins face-off versus Alexander Wennberg in neutral zone.
14:48 of 3rd period - Derick Brassard is hit by Wojtek Wolski and loses puck.
14:59 of 3rd period - Wrist shot by Miro Aaltonen.
14:59 of 3rd period - Shot Misses the Net.
15:17 of 3rd period - Niklas Hansson is hit by Eric Wellwood.
15:23 of 3rd period - Snap shot by Aleksander Barkov.
15:23 of 3rd period - Shot Misses the Net.
15:37 of 3rd period - Josh Manson is hit by Alex Galchenyuk and loses puck.
16:40 of 3rd period - Snap shot by Aleksander Barkov.
16:40 of 3rd period - Stopped by Kevin Poulin without a rebound.
16:41 of 3rd period - Casey Cizikas wins face-off versus Aleksander Barkov in Bruins zone.
16:50 of 3rd period - Snap shot by Jordan Szwarz.
16:50 of 3rd period - Stopped by Kevin Poulin without a rebound.
16:51 of 3rd period - Aleksander Barkov wins face-off versus Casey Cizikas in Bruins zone.
17:50 of 3rd period - Nikolay Goldobin is hit by Kole Lind and loses puck.
17:59 of 3rd period - Wrist shot by Casey Cizikas.
17:59 of 3rd period - Stopped by Ville Husso with a rebound.
18:19 of 3rd period - Snap shot by Casey Cizikas.
18:19 of 3rd period - Stopped by Ville Husso with a rebound.
18:21 of 3rd period - Slapshot by Adam Pelech.
18:21 of 3rd period - Shot Misses the Net.
18:31 of 3rd period - Snap shot by Casey Cizikas.
18:31 of 3rd period - Stopped by Ville Husso with a rebound.
18:33 of 3rd period - Slapshot by Adam Pelech.
18:33 of 3rd period - Shot Misses the Net.
18:35 of 3rd period - Wrist shot by Adam Pelech.
18:35 of 3rd period - Stopped by Ville Husso with a rebound.
18:39 of 3rd period - Wrist shot by Kole Lind.
18:39 of 3rd period - Deflect By Casey Cizikas.
18:39 of 3rd period - Stopped by Ville Husso with a rebound.
18:41 of 3rd period - Snap shot by Adam Pelech.
18:41 of 3rd period - Stopped by Ville Husso with a rebound.
18:43 of 3rd period - Snap shot by Adam Pelech.
18:43 of 3rd period - Shot Blocked by Nikolay Goldobin.
18:45 of 3rd period - Bruins, Kevin Poulin is pulled from the net.
18:45 of 3rd period - Slapshot by Adam Pelech.
18:45 of 3rd period - Shot Blocked by Rasmus Ristolainen.
18:49 of 3rd period - Wrist shot by Kole Lind.
18:49 of 3rd period - Shot Blocked by Rasmus Ristolainen.
18:51 of 3rd period - Snap shot by Eric Wellwood.
18:51 of 3rd period - Shot Misses the Net.
18:53 of 3rd period - Wrist shot by Brett Pesce.
18:53 of 3rd period - Shot Misses the Net.
18:59 of 3rd period - Slapshot by Kole Lind.
18:59 of 3rd period - Shot Misses the Net.
19:01 of 3rd period - Slapshot by Brett Pesce.
19:01 of 3rd period - Shot Blocked by Aaron Ekblad.
19:03 of 3rd period - Wrist shot by Eric Wellwood.
19:03 of 3rd period - Stopped by Ville Husso with a rebound.
19:05 of 3rd period - Slapshot by Adam Pelech.
19:05 of 3rd period - Stopped by Ville Husso with a rebound.
19:07 of 3rd period - Slapshot by Adam Pelech.
19:07 of 3rd period - Shot Blocked by Rasmus Ristolainen.
19:09 of 3rd period - Slapshot by Adam Pelech.
19:09 of 3rd period - Stopped by Ville Husso with a rebound.
19:11 of 3rd period - Wrist shot by Brett Pesce.
19:11 of 3rd period - Deflect By Nikolay Goldobin.
19:11 of 3rd period - Stopped by Ville Husso without a rebound.
19:12 of 3rd period - Ron Wilson call a timeout for Bruins.
19:12 of 3rd period - Drake Batherson wins face-off versus Jonathan Toews in Panthers zone.
19:14 of 3rd period - Icing by Danny DeKeiser.
19:15 of 3rd period - Jonathan Toews wins face-off versus Drake Batherson in Panthers zone.
19:24 of 3rd period - Snap shot by Gabriel Landeskog.
19:24 of 3rd period - Shot Blocked by Derick Brassard.
19:42 of 3rd period - Wrist shot by Jonathan Toews.
19:42 of 3rd period - Stopped by Ville Husso with a rebound.
19:44 of 3rd period - Snap shot by Jonathan Toews.
19:44 of 3rd period - Shot Misses the Net.
19:46 of 3rd period - Snap shot by Jonathan Toews.
19:46 of 3rd period - Shot Misses the Net.
19:48 of 3rd period - Wrist shot by Gabriel Landeskog.
19:48 of 3rd period - Goal by Gabriel Landeskog - Panthers : 5 - Bruins : 5.
19:48 of 3rd period - Kevin Poulin from Bruins was sent back in the game.
19:49 of 3rd period - Jonathan Toews wins face-off versus Miro Aaltonen in neutral zone.
19:57 of 3rd period - David Backes is hit by Nick Schmaltz and loses puck.
Goals for this period are 1 for Panthers vs 4 for Bruins.
Shots for this period are 12 for Panthers vs 19 for Bruins.
Overtime #1
0:01 of 1st overtime period - Gabriel Landeskog wins face-off versus Matt Duchene in neutral zone.
0:08 of 1st overtime period - Wrist shot by Zack Kassian.
0:08 of 1st overtime period - Shot Misses the Net.
2:00 of 1st overtime period - Icing by Rasmus Ristolainen.
2:01 of 1st overtime period - Gabriel Landeskog wins face-off versus Jordan Szwarz in Panthers zone.
2:04 of 1st overtime period - Slapshot by Zack Kassian.
2:04 of 1st overtime period - Shot Blocked by Drake Batherson.
2:06 of 1st overtime period - Slapshot by Jason Demers.
2:06 of 1st overtime period - Deflect By Zack Kassian.
2:06 of 1st overtime period - Shot Misses the Net.
2:06 of 1st overtime period - Puck is out of play.
2:07 of 1st overtime period - Matt Duchene wins face-off versus Gabriel Landeskog in Panthers zone.
3:45 of 1st overtime period - Icing by Danny DeKeiser.
3:46 of 1st overtime period - Jordan Szwarz wins face-off versus Alexander Wennberg in Panthers zone.
4:17 of 1st overtime period - Slapshot by Drake Batherson.
4:17 of 1st overtime period - Shot Misses the Net.
4:19 of 1st overtime period - Wrist shot by Aleksander Barkov.
4:19 of 1st overtime period - Goal by Aleksander Barkov - Panthers : 6 - Bruins : 5.
Goals for this period are 1 for Panthers vs 0 for Bruins.
Shots for this period are 1 for Panthers vs 0 for Bruins.
Output by the SimonT Hockey Simulator (STHS) for Francois Prevost